[Event "Team 45 45 League T45"]
[Site "Internet Chess Club"]
[Date "2010.06.08"]
[Round "5"]
[White "moreffee"]
[Black "KidCopperhead"]
[Result "1/2-1/2"]
[WhiteElo "1244"]
[BlackElo "1397"]
[Opening "Philidor's defense"]
[ECO "C41"]
[Time "13:59:08"]
[TimeControl "2700+45"]

1. e4 e5 2. Nf3 d6 3. Bc4 c6 4. Nc3 Nf6 5. d4 d5 6. exd5 cxd5 7. Bb5+ Nc6 8.
Bxc6+ bxc6 9. Nxe5 c5 10. O-O cxd4 11. Re1 Be7 12. Qxd4 O-O 13. Nc6 Qd6 14.
Nxe7+ Kh8 15. Nxc8 Raxc8 16. Bg5 Rc4 17. Qd2 a5 18. b3 Rc6 19. Rad1 Ng4 20. g3
Ne5 21. Rxe5 Qxe5 22. Bf4 Qf6 23. Nxd5 Qe6 24. c4 a4 25. Re1 Qd7 26. Qb4 Re8 27.
Rxe8+ Qxe8 28. Qxa4 Qe1+ 29. Kg2 Qe4+ 30. f3 Qe2+ 31. Kh3 Qe6+ 32. Kh4 Rc8 33.
Qb4 h6 34. Qc3 Kh7 35. Qd3+ Kg8 36. Qe3 g5+ 37. Bxg5 hxg5+ 38. Qxg5+ Kf8 39. Qd2
Qf5 40. Qb4+ Kg7 41. Qc3+ Kf8 42. g4 Qxd5 43. Qh8+ Ke7 44. Qxc8 Qxf3 45. Qc5+
Ke8 46. Qc8+ Ke7 47. Qc7+ Ke8 48. Qe5+ Kf8 49. Qg3 Qf6+ 50. Kh3 Qf1+ 51. Qg2
Qd3+ 52. Qg3 Qh7+ 53. Kg2 Qc2+ 54. Qf2 Qe4+ 55. Kg3 Qd3+ 56. Qf3 Qd6+ 57. Qf4
Qd3+ 58. Qf3 {Game drawn by mutual agreement} 1/2-1/2

[Event "Team 45 45 League T45"]
[Site "Internet Chess Club"]
[Date "2010.06.07"]
[Round "5"]
[White "Skylab"]
[Black "chips"]
[Result "1-0"]
[WhiteElo "1283"]
[BlackElo "1221"]
[Opening "Queen's bishop game"]
[ECO "D02"]
[Time "15:02:03"]
[TimeControl "2700+45"]

1. Nf3 d5 2. d4 Nf6 3. Bf4 e6 4. e3 Bd6 5. Bg5 Nbd7 6. Bd3 Bb4+ 7. c3 Be7 8. Qc2
g6 9. Bh6 Bf8 10. Bg5 Be7 11. Bh6 Ng8 12. Bg7 Bf6 13. Bxh8 Bxh8 14. Nbd2 Ne7 15.
Ne5 Bxe5 16. dxe5 Nxe5 17. Nf3 Nxf3+ 18. gxf3 Nc6 19. O-O-O Ne5 20. Bb5+ c6 21.
Be2 Qh4 22. f4 Nd7 23. Bd3 Nf6 24. c4 Ng4 25. Rdf1 Bd7 26. Qc3 Qf6 27. Qxf6 Nxf6
28. h3 O-O-O 29. cxd5 exd5 30. Kd2 Re8 31. Rc1 Kc7 32. b4 b5 33. Bxb5 Rb8 34.
Bd3 Rxb4 35. Rc2 Kd6 36. h4 Ng4 37. f3 Nf6 38. Kc3 c5 39. Rb2 Ra4 40. Rhb1 d4+
41. exd4 cxd4+ 42. Kd2 Nd5 43. f5 Nf4 44. fxg6 fxg6 45. Bb5 Bxb5 46. Rxb5 Rxa2+
47. R5b2 Ra4 48. Rh1 h6 49. Rg1 Ke6 50. Rg4 Kf5 51. Rb5+ Ke6 52. Rxf4 Ra2+ 53.
Kd3 Ra3+ 54. Kxd4 Ra4+ 55. Ke3 Ra3+ 56. Kf2 Ra2+ 57. Kg3 g5 58. hxg5 hxg5 59.
Rxg5 a5 60. Rgg4 Ra1 61. Kg2 Ra2+ 62. Kg3 Ra1 63. Ra4 Rg1+ 64. Kf4 Rxg4+ 65.
fxg4 Kf6 66. Rxa5 Kg6 67. Ra6+ Kg7 68. g5 Kf7 69. Kf5 Kg7 70. Ra7+ Kg8 71. g6
Kh8 72. Kf6 Kg8 73. Ra8# {Black checkmated} 1-0

[Event "Team 45 45 League T45"]
[Site "Internet Chess Club"]
[Date "2010.06.04"]
[Round "5"]
[White "medsurg"]
[Black "Salvatore"]
[Result "0-1"]
[WhiteElo "1311"]
[BlackElo "1602"]
[Opening "Sicilian: closed"]
[ECO "B24"]
[Time "19:00:27"]
[TimeControl "2700+45"]

1. e4 c5 2. Nc3 g6 3. g3 Bg7 4. Bg2 Nc6 5. f4 e6 6. Nf3 Nf6 7. d3 O-O 8. O-O d6
9. h3 a6 10. g4 Rb8 11. Ne2 Bd7 12. Qe1 b5 13. c3 a5 14. f5 b4 15. Qh4 Ne8 16.
Bg5 f6 17. Bh6 g5 18. Bxg5 fxg5 19. Nxg5 h6 20. Nf4 hxg5 21. Qh5 gxf4 22. Rxf4
Nf6 23. Qh4 e5 24. Rf3 Nh7 25. Qg3 bxc3 26. bxc3 Rb2 27. Raf1 Ng5 28. R3f2 Rxf2
29. Rxf2 Qb6 30. h4 Nh7 31. Bh3 Qb1+ 32. Kg2 c4 33. g5 Qxd3 34. Qxd3 cxd3 35. g6
Nf6 36. Rd2 Nxe4 37. Rxd3 Bxf5 38. Rxd6 Nxd6 {White resigns} 0-1

[Event "Team 45 45 League T45"]
[Site "Internet Chess Club"]
[Date "2010.06.04"]
[Round "5"]
[White "milesotoole"]
[Black "lawth3"]
[Result "1-0"]
[WhiteElo "1471"]
[BlackElo "1051"]
[Opening "Caro-Kann: exchange variation"]
[ECO "B13"]
[Time "22:03:38"]
[TimeControl "2700+45"]

1. e4 c6 2. d4 d5 3. exd5 cxd5 4. Bd3 Nf6 5. c3 Qc7 6. Nf3 Nc6 7. Bg5 Qd6 8. O-O
g6 9. Re1 Bf5 10. Bxf5 gxf5 11. Ne5 Rg8 12. Bh4 O-O-O 13. Bg3 Qe6 14. Na3 a6 15.
b4 Rg5 16. Nec4 Ne4 17. Nb6# {Black checkmated} 1-0

[Event "Team 45 45 League T45"]
[Site "Internet Chess Club"]
[Date "2010.06.05"]
[Round "5"]
[White "eramos"]
[Black "Toalla"]
[Result "0-1"]
[WhiteElo "1162"]
[BlackElo "1185"]
[Opening "Sicilian defense"]
[ECO "B30"]
[Time "18:06:47"]
[TimeControl "2700+45"]

1. e4 c5 2. Nf3 Nc6 3. Bc4 e6 4. Nc3 a6 5. d4 cxd4 6. Nxd4 Nf6 7. Bg5 Be7 8.
Nxc6 bxc6 9. e5 Nd5 10. Bxe7 Qxe7 11. Ne4 O-O 12. Qh5 Qb4+ 13. c3 Qxc4 14. Nf6+
Nxf6 15. exf6 Qe4+ 16. Kd2 Qxg2 17. fxg7 Qxf2+ 18. Kd3 Qf5+ 19. Qxf5 exf5 20.
Rhg1 Re8 21. Raf1 d5 22. h4 Re4 23. h5 h6 24. b4 Rg4 25. Rxg4 fxg4 26. Rg1 Kxg7
27. Ke3 f5 28. Kf4 Kf6 29. Re1 Be6 30. a3 Rg8 31. Rg1 Rg5 32. Rh1 g3 33. Kf3 Ke5
34. Kg2 f4 35. Re1+ Kf6 36. Rh1 Bg4 37. Rf1 Rf5 38. a4 Bxh5 39. a5 Kg5 40. Kh3
Bg4+ 41. Kg2 h5 42. Rg1 h4 43. Kf1 h3 44. Ke1 Bf3 45. Kf1 h2 46. Rg2 h1=Q+ 47.
Rg1 Be2+ 48. Kxe2 Qxg1 49. Kd3 f3 50. Kc2 f2 {White resigns} 0-1

[Event "Team 45 45 League T45"]
[Site "Internet Chess Club"]
[Date "2010.06.03"]
[Round "5"]
[White "Buford-Julep"]
[Black "rubo"]
[Result "1/2-1/2"]
[WhiteElo "1679"]
[BlackElo "1703"]
[Opening "Caro-Kann: two knights variation"]
[ECO "B10"]
[Time "21:00:17"]
[TimeControl "2700+45"]

1. e4 c6 2. Nf3 d5 3. Nc3 dxe4 4. Nxe4 Bg4 5. h3 Bxf3 6. Qxf3 Nd7 7. d4 Ngf6 8.
c3 Nxe4 9. Qxe4 Nf6 10. Qh4 e6 11. Bg5 Be7 12. O-O-O Qa5 13. Kb1 O-O-O 14. Be2
Rd7 15. Bf3 h6 16. Bxf6 Bxf6 17. Qe4 Rhd8 18. Rhe1 Qb6 19. Qc2 Kc7 20. Bg4 c5
21. dxc5 Rxd1+ 22. Rxd1 Rxd1+ 23. Qxd1 Qxc5 24. Qe2 Qb6 25. Kc2 Qc5 26. Bf3 Bh4
27. g3 Bf6 28. g4 Bh4 29. Kb3 Qxf2 30. Qe5+ Kc8 31. Qe4 Qb6+ 32. Kc2 Qf2+ 33.
Kb3 Qb6+ 34. Kc2 Bg5 35. Qc4+ Qc7 36. Qe4 Qd7 37. Qc4+ Qc7 38. Qe4 Qd7 39. Qc4+
Kb8 40. Qe4 f5 41. gxf5 exf5 42. Qb4 Qe7 43. Qb5 g6 44. Qd5 Qg7 45. Qd6+ Ka8 46.
Qe6 Kb8 47. Qd6+ Ka8 48. Qe6 Kb8 49. Qd6+ {Game drawn by repetition} 1/2-1/2

[Event "Team 45 45 League T45"]
[Site "Internet Chess Club"]
[Date "2010.06.07"]
[Round "5"]
[White "Portola"]
[Black "BishopMike"]
[Result "1-0"]
[WhiteElo "1751"]
[BlackElo "1475"]
[Opening "Sicilian: closed, 2...Nc6"]
[ECO "B23"]
[Time "23:00:16"]
[TimeControl "2700+45"]

1. e4 c5 2. Nc3 Nc6 3. Nf3 d6 4. d3 Nf6 5. Be2 g6 6. h3 Bg7 7. Be3 Be6 8. O-O
O-O 9. a3 Qd7 10. Ng5 h6 11. Nxe6 Qxe6 12. Qd2 Kh7 13. Bf3 Rad8 14. Rad1 Ne5 15.
Be2 b6 16. f4 Nc6 17. Bf3 a6 18. Qc1 Nd4 19. Bxd4 cxd4 20. Ne2 Nd7 21. g4 f5 22.
gxf5 gxf5 23. exf5 Qxf5 24. Be4 e6 25. Bxf5+ exf5 26. Ng3 {Black resigns} 1-0

[Event "Team 45 45 League T45"]
[Site "Internet Chess Club"]
[Date "2010.06.03"]
[Round "5"]
[White "achessfool"]
[Black "BotanicalKnight"]
[Result "0-1"]
[WhiteElo "1512"]
[BlackElo "1557"]
[Opening "Caro-Kann: advance variation"]
[ECO "B12"]
[Time "21:30:09"]
[TimeControl "2700+45"]

1. e4 c6 2. d4 d5 3. e5 Na6 4. Bxa6 Qa5+ 5. Nc3 Qxa6 6. Nf3 Bg4 7. Qe2 Qb6 8.
Qe3 e6 9. Ne2 c5 10. h3 Bxf3 11. dxc5 Bxc5 12. Qxf3 Ne7 13. O-O Ng6 14. c3 Nxe5
15. Qg3 Ng6 16. b4 Bd6 17. Qd3 O-O 18. Be3 Qc6 19. Nd4 Qd7 20. Nf3 b5 21. h4 a5
22. a3 axb4 23. cxb4 Ne5 24. Qe2 Nc4 25. Qd3 Nxe3 26. Qxe3 Ra4 27. Qd3 Rfa8 28.
Ng5 g6 29. Qc3 h6 30. Nf3 Qa7 31. Qc6 Qa6 32. Qc1 h5 33. Qg5 Rxa3 34. Rxa3 Qxa3
35. Nd4 Qxb4 36. Nc6 Qc3 37. Nd8 Qc8 38. Nxf7 Kxf7 39. Rc1 Qd8 40. Qh6 Qf6 41.
g3 Ra2 42. f4 Qd4+ 43. Kh1 Qe4+ 44. Kg1 Qg2# {White checkmated} 0-1

[Event "Team 45 45 League T45"]
[Site "Internet Chess Club"]
[Date "2010.06.04"]
[Round "5"]
[White "g8wrb"]
[Black "TheronUAL"]
[Result "1-0"]
[WhiteElo "1481"]
[BlackElo "1400"]
[Opening "QGD Slav defense"]
[ECO "D10"]
[Time "09:01:08"]
[TimeControl "2700+45"]

1. d4 d5 2. c4 c6 3. Nc3 Nf6 4. e3 g6 5. Nf3 Bg7 6. Qb3 O-O 7. Be2 e6 8. O-O
Nbd7 9. Rd1 Re8 10. a4 Qc7 11. Bd2 e5 12. cxd5 Nxd5 13. Nxd5 cxd5 14. Rac1 Qd6
15. Bb4 Qf6 16. dxe5 Nxe5 17. Nxe5 Qxe5 18. Bc3 Qb8 19. Bxg7 Kxg7 20. Qxd5 Be6
21. Qg5 Rc8 22. Qe7 Rxc1 23. Rxc1 Qe8 24. Qxb7 Rb8 25. Qxa7 Ra8 26. Qd4+ Kg8 27.
Bb5 Qe7 28. b4 Rd8 29. Qf4 Rc8 30. Rxc8+ Bxc8 31. a5 Qe6 32. Qc4 Qf5 33. Qd3 Qf6
34. Qd4 Qf5 35. Bd3 Qe6 36. b5 Bb7 37. a6 Bd5 38. b6 Qc6 39. f3 Qc1+ 40. Kf2
Qd2+ 41. Kg3 Qe1+ 42. Kg4 Qg1 43. Qxd5 Qxg2+ 44. Kf4 Qxh2+ 45. Ke4 Qh4+ 46. Ke5
Qe7+ 47. Kd4 Qb4+ 48. Bc4 Qxb6+ 49. Qc5 Qf6+ 50. Kd5 Qe6+ 51. Kd4 Qf6+ 52. Kd3
Qxf3 53. Bxf7+ Kxf7 54. Qc4+ Kg7 55. Qc7+ Kh6 56. Qf4+ Qxf4 57. exf4 {Black
resigns} 1-0

[Event "Team 45 45 League T45"]
[Site "Internet Chess Club"]
[Date "2010.06.06"]
[Round "5"]
[White "noblitz-oblige"]
[Black "LuxAeterna"]
[Result "0-1"]
[WhiteElo "1608"]
[BlackElo "1862"]
[Opening "Caro-Kann: classical variation"]
[ECO "B18"]
[Time "10:34:56"]
[TimeControl "2700+45"]

1. e4 c6 2. d4 d5 3. Nc3 dxe4 4. Nxe4 Bf5 5. Ng3 Bg6 6. N1e2 h6 7. Nf4 Bh7 8.
Be3 e6 9. Be2 Nf6 10. Bh5 Nxh5 11. Qxh5 Qg5 12. Qf3 Qa5+ 13. c3 Qb5 14. O-O-O
Qa4 15. a3 Qc2# {White checkmated} 0-1

[Event "Team 45 45 League T45"]
[Site "Internet Chess Club"]
[Date "2010.06.08"]
[Round "5"]
[White "catrasca"]
[Black "RD1974"]
[Result "0-1"]
[WhiteElo "1592"]
[BlackElo "1777"]
[Opening "Scandinavian: Pytel-Wade variation"]
[ECO "B01"]
[Time "15:00:24"]
[TimeControl "2700+45"]

1. e4 d5 2. exd5 Qxd5 3. Nc3 Qd6 4. d4 Nf6 5. Nf3 a6 6. Bc4 b5 7. Bb3 Bb7 8. Be3
e6 9. h3 Nbd7 10. Qe2 Be7 11. Rd1 O-O 12. O-O Rfe8 13. Bg5 c5 14. dxc5 Qxc5 15.
Kh1 Bxf3 16. Qxf3 Qxg5 17. Ne2 Nc5 18. Nd4 Rad8 19. c3 Nxb3 20. axb3 Nd5 21. Nc6
Rc8 22. Nxe7+ Qxe7 23. Rd4 Nb6 24. Rg4 g6 25. Qe3 Nd7 26. Re1 Nc5 27. b4 Na4 28.
Re2 Qc7 29. Rh4 Rcd8 30. g3 Rd1+ 31. Kg2 Qc6+ 32. f3 Qb6 33. Rd4 Rxd4 34. cxd4
Qd6 35. d5 Qxb4 36. Qe5 Qc4 37. d6 Nb6 38. Rd2 Nd7 39. Qe3 Qc5 40. Qe4 Rb8 41.
Qh4 f6 42. Qe4 e5 43. Qd3 Rb6 44. Qb3+ Qc4 45. Qe3 Kg7 46. Rd3 Qc2+ 47. Rd2 Qc4
48. Rd3 a5 49. Rc3 Qe6 50. Rc7 Qxd6 51. Rxd7+ Qxd7 52. Qxb6 Qd2+ 53. Kg1 Qd4+
54. Qxd4 exd4 55. Kf2 Kf7 56. Ke2 Ke6 57. Kd3 Kd5 58. f4 h5 59. g4 hxg4 60. hxg4
a4 {White resigns} 0-1

[Event "Team 45 45 League T45"]
[Site "Internet Chess Club"]
[Date "2010.06.07"]
[Round "5"]
[White "Bible-Believer"]
[Black "ElMarginal"]
[Result "1/2-1/2"]
[WhiteElo "1545"]
[BlackElo "1575"]
[Opening "QGD Slav: 4.e3 Bf5"]
[ECO "D12"]
[Time "22:00:31"]
[TimeControl "2700+45"]

1. d4 Nf6 2. Nf3 d5 3. e3 Bf5 4. c4 c6 5. Qb3 Qb6 6. Nc3 Qxb3 7. axb3 e6 8. Be2
Bc2 9. Bd1 Bxd1 10. Kxd1 Ng4 11. Ke2 dxc4 12. bxc4 Nd7 13. h3 Ngf6 14. c5 Be7
15. b4 O-O 16. b5 Nd5 17. Nxd5 cxd5 18. c6 bxc6 19. bxc6 Nb6 20. Ba3 Bxa3 21.
Rxa3 Rfc8 22. Rha1 Rc7 23. Ne5 f6 24. Nd3 Kf7 25. Nc5 Ke7 26. Ra6 Rxc6 27. Rxa7+
Rxa7 28. Rxa7+ Kf8 29. Ra6 Rd6 30. Na4 Nc4 31. Rxd6 Nxd6 {Game drawn by mutual
agreement} 1/2-1/2

[Event "Team 45 45 League T45"]
[Site "Internet Chess Club"]
[Date "2010.06.05"]
[Round "5"]
[White "milwaukeejosh"]
[Black "islanderpfeifer"]
[Result "1-0"]
[WhiteElo "1394"]
[BlackElo "1447"]
[Opening "Sicilian: wing gambit"]
[ECO "B20"]
[Time "09:08:40"]
[TimeControl "2700+45"]

1. e4 c5 2. b4 e6 3. bxc5 Bxc5 4. d4 Bb4+ 5. c3 Ba5 6. Nf3 Nf6 7. e5 Nd5 8. Qc2
O-O 9. Bd3 h6 10. Bd2 Qc7 11. Qc1 a6 12. O-O b5 13. Bxh6 g6 14. Bxg6 f5 15. Bxf8
Kxf8 16. Qh6+ Ke7 17. Qg7+ Kd8 18. Qf8# {Black checkmated} 1-0

[Event "Team 45 45 League T45"]
[Site "Internet Chess Club"]
[Date "2010.06.06"]
[Round "5"]
[White "Knight77"]
[Black "CaoCao"]
[Result "1-0"]
[WhiteElo "2025"]
[BlackElo "1955"]
[Opening "Réti: King's Indian attack, Spassky's variation"]
[ECO "A05"]
[Time "16:07:34"]
[TimeControl "2700+45"]

1. Nf3 Nf6 2. g3 b5 3. Bg2 Bb7 4. O-O e6 5. d3 Be7 6. Nbd2 O-O 7. Re1 d6 8. e4
Nbd7 9. Nf1 c5 10. Bf4 Qb6 11. Ne3 h6 12. g4 Nh7 13. h4 g5 14. hxg5 hxg5 15. Bg3
Bf6 16. c3 Rfd8 17. Qb3 Ne5 18. Nxe5 dxe5 19. a4 bxa4 20. Qxa4 Bc6 21. Qc2 Bb5
22. Red1 Nf8 23. Nc4 Bxc4 24. dxc4 Rxd1+ 25. Rxd1 Rb8 26. b4 cxb4 27. cxb4 Qxb4
28. c5 Rc8 29. c6 Qb6 30. Rc1 Ng6 31. Bf1 Rc7 32. Qc5 Be7 33. Qxb6 axb6 34. Bb5
Bc5 35. Ra1 Kf8 36. Ra8+ Ke7 37. Kf1 Kf6 38. Rd8 Ke7 39. Rb8 Nf4 40. f3 Kd6 41.
Rd8+ Ke7 42. Ra8 Kd6 43. Be1 Ke7 44. Bc3 f6 45. Ke1 Ng2+ 46. Kd1 Nh4 47. Ke2 Ng2
48. Rh8 Kd6 49. Rd8+ Ke7 50. Rd1 Nf4+ 51. Kd2 Ng2 52. Kd3 Rc8 53. Rh1 Nh4 54.
Kc4 Nxf3 55. Rh7+ Kd8 56. Rd7+ Ke8 57. c7 Nd4 {Black resigns} 1-0

[Event "Team 45 45 League T45"]
[Site "Internet Chess Club"]
[Date "2010.06.04"]
[Round "5"]
[White "Majamutu"]
[Black "makito"]
[Result "1-0"]
[WhiteElo "2009"]
[BlackElo "1858"]
[Opening "Petrov: Nimzovich attack"]
[ECO "C42"]
[Time "12:01:54"]
[TimeControl "2700+45"]

1. e4 e5 2. Nf3 Nf6 3. Nxe5 d6 4. Nf3 Nxe4 5. Nc3 d5 6. Qe2 Qe7 7. Nxd5 Qc5 8.
Qxe4+ Be6 9. Nf4 Qb6 10. Nxe6 fxe6 11. Bc4 Bc5 12. Qxe6+ Qxe6+ 13. Bxe6 Ke7 14.
Bb3 Nc6 15. c3 Rae8 16. O-O Rhf8 17. d4 Bd6 18. Bg5+ Kd7 19. Rae1 Na5 20. Rxe8
Rxe8 21. Re1 Nxb3 22. Rxe8 Kxe8 23. axb3 h6 24. Bd2 Ke7 25. Kf1 Ke6 26. Ke2 c6
27. Kd3 a6 28. Ke4 Kf6 29. c4 g5 30. h3 Ke6 31. b4 Bc7 32. Ne1 Bd6 33. Nd3 b6
34. c5 Bc7 35. cxb6 Bxb6 36. Nc5+ Bxc5 37. dxc5 Kf6 38. Bc3+ Ke6 39. g4 {Black
resigns} 1-0

[Event "Team 45 45 League T45"]
[Site "Internet Chess Club"]
[Date "2010.06.07"]
[Round "5"]
[White "incachess"]
[Black "primerpaso"]
[Result "0-1"]
[WhiteElo "1620"]
[BlackElo "1815"]
[Opening "Mieses opening"]
[ECO "A00"]
[Time "17:19:31"]
[TimeControl "2700+45"]

1. d3 d5 2. g3 c5 3. Bg2 Nc6 4. h3 e5 5. e3 Be6 6. Nd2 Qd7 7. b3 Nge7 8. Bb2 f6
9. a3 O-O-O 10. Ngf3 h5 11. Qe2 g5 12. O-O-O Nf5 13. Kb1 Nd6 14. c4 Qf7 15. cxd5
Bxd5 16. Rc1 b6 17. Ne1 Bxg2 18. Nxg2 Qd5 19. Qf3 Qxf3 20. Nxf3 Kb7 21. d4 cxd4
22. exd4 Nxd4 23. Nxd4 exd4 24. Bxd4 Ne4 25. Rhd1 Bxa3 26. Bb2 Bxb2 27. Kxb2
Nxf2 28. Rxd8 Rxd8 29. Rf1 Nxh3 30. Ne3 Rd3 31. Nf5 Rd2+ 32. Kc3 Rf2 33. Nd6+
Kc6 34. Rd1 Rf3+ 35. Kb4 Rxg3 36. Nf5 a5+ 37. Kc4 b5+ 38. Kd4 Rxb3 39. Ne7+ Kd7
40. Nd5 Nf2 41. Rd2 Ng4 42. Kc5 Ke6 43. Re2+ Kf5 44. Kd4 Ne5 45. Ne7+ Kg4 46.
Nd5 Kf3 47. Ra2 Rd3+ 48. Kc5 Ng4 49. Rxa5 h4 50. Rxb5 h3 51. Rb1 h2 52. Kc4 Rd2
53. Kc3 Rf2 54. Kd3 Ne5+ 55. Kd4 Rd2+ 56. Kc5 Rxd5+ 57. Kxd5 Kg2 {White resigns}
0-1

[Event "Team 45 45 League T45"]
[Site "Internet Chess Club"]
[Date "2010.06.06"]
[Round "5"]
[White "Merciful"]
[Black "QueensCounselor"]
[Result "1/2-1/2"]
[WhiteElo "2065"]
[BlackElo "2143"]
[Opening "Petrov: Nimzovich attack"]
[ECO "C42"]
[Time "10:11:09"]
[TimeControl "2700+45"]

1. e4 e5 2. Nf3 Nf6 3. Nxe5 d6 4. Nf3 Nxe4 5. Nc3 Nxc3 6. dxc3 Nc6 7. Be3 Be7 8.
Qd2 Be6 9. Nd4 Nxd4 10. cxd4 O-O 11. Bd3 Qd7 12. O-O Rfe8 13. Rfe1 c6 14. c3 Bf5
{Game drawn by mutual agreement} 1/2-1/2

[Event "Team 45 45 League T45"]
[Site "Internet Chess Club"]
[Date "2010.06.07"]
[Round "5"]
[White "SaltofLife"]
[Black "imgr8"]
[Result "1-0"]
[WhiteElo "1889"]
[BlackElo "2051"]
[Opening "QGD: Tarrasch, von Hennig-Schara gambit"]
[ECO "D32"]
[Time "14:52:15"]
[TimeControl "2700+45"]

1. d4 d5 2. c4 e6 3. Nc3 c5 4. cxd5 cxd4 5. Qa4+ Bd7 6. Qxd4 exd5 7. Qxd5 Nc6 8.
Nf3 Nf6 9. Qd1 Bc5 10. e3 Qe7 11. Bb5 O-O-O 12. O-O g5 13. Nd4 Qe5 14. Bxc6 bxc6
15. Qa4 Kb7 16. Qb3+ Ka8 17. Qxf7 Ng4 18. Nf3 Qc7 19. Ne4 Rdf8 20. Qh5 Bd6 21.
Rd1 Nf6 22. Nxf6 Rxf6 23. Bd2 g4 24. Bc3 Rg6 25. Ne5 Be8 26. Nxg6 Bxg6 27. Qa5
Bxh2+ 28. Kh1 Qxa5 29. Bxa5 Be5 30. Bc3 Bxc3 31. bxc3 h5 32. Rd7 h4 33. Rad1 Rh5
34. Rg7 {Black resigns} 1-0

[Event "Team 45 45 League T45"]
[Site "Internet Chess Club"]
[Date "2010.06.03"]
[Round "5"]
[White "VietLion"]
[Black "fledermaus"]
[Result "0-1"]
[WhiteElo "1877"]
[BlackElo "1973"]
[Opening "Caro-Kann: Tartakower (fantasy) variation"]
[ECO "B12"]
[Time "16:01:10"]
[TimeControl "2700+45"]

1. e4 c6 2. d4 d5 3. f3 e6 4. Nc3 Bb4 5. Bf4 Ne7 6. Qd3 b6 7. Ne2 Ba6 8. Qe3 O-O
9. O-O-O Ng6 10. Bg3 Nd7 11. h4 Re8 12. h5 Ngf8 13. Bh4 Be7 14. Bxe7 Qxe7 15. g4
Rad8 16. e5 c5 17. f4 Rc8 18. Kb1 cxd4 19. Nxd4 Bxf1 20. Rdxf1 a6 21. g5 Rc4 22.
g6 fxg6 23. hxg6 Nxg6 24. Rfg1 Ndf8 25. Nce2 Qf7 26. Rg2 Ne7 27. Rg5 g6 28. Ng3
Kh8 29. Qd3 Nf5 30. Ngxf5 gxf5 31. Rgh5 Rec8 32. c3 b5 33. Qh3 R8c7 34. Rh6 b4
35. Rf6 Qg7 36. Nxe6 Nxe6 37. Rxe6 Qg8 38. Qxf5 Rg7 39. Qf6 Rxf4 40. Rxh7+ Qxh7+
{White resigns} 0-1

[Event "Team 45 45 League T45"]
[Site "Internet Chess Club"]
[Date "2010.06.06"]
[Round "5"]
[White "jonesey"]
[Black "irock"]
[Result "1/2-1/2"]
[WhiteElo "1912"]
[BlackElo "1736"]
[Opening "Sicilian defense"]
[ECO "B20"]
[Time "09:28:41"]
[TimeControl "2700+45"]

1. e4 c5 2. c4 g6 3. Nc3 Nc6 4. g3 Nf6 5. Bg2 d6 6. Nge2 Bg7 7. d3 O-O 8. O-O
Bd7 9. Rb1 a6 10. a3 Rb8 11. b4 cxb4 12. axb4 b5 13. cxb5 axb5 14. d4 Qb6 15. e5
dxe5 16. dxe5 Nxe5 17. Bf4 Qe6 18. Re1 Nh5 19. Ne4 Rbd8 20. Nc5 Qb6 21. Bxe5 Bf5
22. Qb3 Bxe5 23. Rbd1 Bg7 24. Nc3 Rxd1 25. Nxd1 Qd6 26. Ne3 Bd7 27. Rd1 Be6 28.
Nxe6 Qxe6 29. Qxe6 fxe6 30. Rd7 Kf7 31. Rb7 Be5 32. Rxb5 Bd6 33. Rb7 Rb8 34.
Rxb8 Bxb8 35. b5 Ke8 36. Nc4 Nf6 37. Bc6+ Kd8 38. b6 Nd5 39. Kf1 Nb4 40. Bb7 Nd5
41. Ke2 Nxb6 42. Nxb6 Kc7 43. Bc8 Kxb6 44. Bxe6 g5 45. Kf3 Be5 46. Ke4 Bf6 47.
g4 Kc6 48. Bg8 h6 49. Kf5 Kc5 50. Bf7 Kd4 51. Be8 Kd3 52. Bb5+ Kd2 53. Kg6 Ke1
54. f3 Kf2 55. Bc6 Kg2 56. Kxh6 Kxh2 57. Kg6 Kg3 58. Kf5 Kh3 59. f4 gxf4 60.
Kxf4 Kh4 61. Kf5 Bg5 62. Bd7 Bf6 63. Kg6 Bg5 64. Be6 Bf6 65. Kf5 Bg5 66. Kg6 Bf6
67. Kf5 Bg5 68. Kg6 Bf6 69. Kf5 Bg5 {Game drawn by repetition} 1/2-1/2

[Event "Team 45 45 League T45"]
[Site "Internet Chess Club"]
[Date "2010.06.05"]
[Round "5"]
[White "basserben"]
[Black "LazyPeon"]
[Result "0-1"]
[WhiteElo "1615"]
[BlackElo "1690"]
[Opening "Caro-Kann: advance variation"]
[ECO "B12"]
[Time "12:00:25"]
[TimeControl "2700+45"]

1. e4 c6 2. d4 d5 3. e5 Bf5 4. Bd3 Bxd3 5. Qxd3 e6 6. Nf3 Ne7 7. Nbd2 Nd7 8. b3
c5 9. c3 Nc6 10. O-O Be7 11. Re1 O-O 12. Re2 Rc8 13. Bb2 Qb6 14. dxc5 Nxc5 15.
Qc2 Nd7 16. Qd1 Qc7 17. c4 Nb6 18. Rc1 Rfd8 19. Nd4 Nxd4 20. Bxd4 dxc4 21. Nxc4
Qd7 22. Rd2 Nxc4 23. Rxc4 Rxc4 24. bxc4 Qc7 25. Bxa7 Rxd2 26. Qxd2 b6 27. Bxb6
Qxb6 28. g3 Qb1+ 29. Kg2 Qe4+ 30. Kh3 Qxe5 31. Qd7 Qc5 32. a4 g6 33. a5 Bf6 34.
Qa4 h5 35. Kg2 Bd4 36. Qa2 e5 37. Kf3 Qc6+ 38. Ke2 g5 39. a6 g4 40. Kf1 Qh1+ 41.
Ke2 Qxh2 42. Qa5 Qxf2+ 43. Kd3 Qe3+ 44. Kc2 Qe2+ 45. Kc1 Qxc4+ 46. Kb1 Qb3+ 47.
Kc1 Be3+ {White resigns} 0-1

[Event "Team 45 45 League T45"]
[Site "Internet Chess Club"]
[Date "2010.06.07"]
[Round "5"]
[White "UnderRated"]
[Black "toukon"]
[Result "0-1"]
[WhiteElo "1619"]
[BlackElo "1620"]
[Opening "Sicilian"]
[ECO "B50"]
[Time "21:27:37"]
[TimeControl "2700+45"]

1. e4 c5 2. Nf3 d6 3. c3 Nf6 4. Bd3 g6 5. Bc2 Bg7 6. d3 O-O 7. Be3 Nc6 8. Nbd2
b5 9. a3 Ng4 10. O-O Bb7 11. h3 Nge5 12. d4 cxd4 13. cxd4 Nxf3+ 14. Nxf3 a6 15.
Rc1 Rc8 16. b4 Nb8 17. Qd2 Re8 18. Bh6 Bh8 19. Ng5 Nd7 20. Bb3 e6 21. Rxc8 Qxc8
22. Rc1 Qd8 23. Qa2 Nf8 24. Qd2 Bg7 25. Bxg7 Kxg7 26. f3 h6 27. Nxf7 Kxf7 28.
Qxh6 Qf6 29. Rc7+ Re7 30. e5 dxe5 31. dxe5 Qxe5 32. Rc5 Qg7 33. Qf4+ Qf6 34. Qh6
Rd7 35. Rc1 Bd5 36. Bc2 Bc4 37. Be4 Qd4+ 38. Kh1 Qd2 39. Qxd2 Rxd2 40. Rc2 Rxc2
41. Bxc2 Bd5 42. Kh2 Nd7 43. f4 Nb6 44. g4 Nc4 45. a4 Ne3 46. axb5 Nxc2 47. bxa6
Nxb4 48. a7 Bb7 49. h4 Nc6 50. Kg3 Nxa7 51. f5 exf5 52. gxf5 gxf5 53. Kf4 Bc8
54. Kg5 Kg7 55. h5 Kh7 56. h6 Nc6 57. Kh5 Nd4 58. Kg5 Ne2 59. Kh5 f4 60. Kh4 f3
61. Kh5 f2 62. Kg5 f1=Q 63. Kh4 Qf4+ {White resigns} 0-1

[Event "Team 45 45 League T45"]
[Site "Internet Chess Club"]
[Date "2010.06.06"]
[Round "5"]
[White "SilverBlade"]
[Black "slipkid"]
[Result "0-1"]
[WhiteElo "1592"]
[BlackElo "1654"]
[Opening "Sicilian: Najdorf, 6...e6"]
[ECO "B95"]
[Time "15:00:49"]
[TimeControl "2700+45"]

1. e4 c5 2. Nf3 d6 3. d4 cxd4 4. Nxd4 Nf6 5. Nc3 a6 6. Bg5 e6 7. Be2 Be7 8. f4
Nbd7 9. Bf3 O-O 10. Qd2 e5 11. fxe5 dxe5 12. Nf5 Bb4 13. Bxf6 Nxf6 14. Qg5 Bxf5
15. exf5 Qe7 16. O-O Bxc3 17. bxc3 Rac8 18. Qe3 e4 19. Be2 Nd5 20. Qf2 Nxc3 21.
Bg4 f6 22. Rfe1 Qc5 23. Re3 Rfe8 24. Kf1 Nd5 25. Re2 Qxf2+ 26. Rxf2 Ne3+ {White
resigns} 0-1

[Event "Team 45 45 League T45"]
[Site "Internet Chess Club"]
[Date "2010.06.07"]
[Round "5"]
[White "supraholic"]
[Black "ChessicStudent"]
[Result "1-0"]
[WhiteElo "1306"]
[BlackElo "1490"]
[Opening "French: exchange variation"]
[ECO "C01"]
[Time "21:30:35"]
[TimeControl "2700+45"]

1. e4 e6 2. d4 d5 3. exd5 exd5 4. Bb5+ c6 5. Bd3 Bd6 6. Nf3 Ne7 7. O-O O-O 8.
Re1 Qc7 9. h3 Re8 10. Nc3 Nd7 11. Bd2 Nf6 12. Bg5 Nh5 13. Ne5 f6 14. Qxh5 g6 15.
Qh4 fxe5 16. dxe5 Bxe5 17. Bf6 Nf5 18. Bxe5 Rxe5 19. Qf6 Rxe1+ 20. Rxe1 Bd7 21.
Bxf5 Rf8 22. Be6+ Bxe6 23. Qxe6+ Kh8 24. Qe5+ {Black resigns} 1-0

[Event "Team 45 45 League T45"]
[Site "Internet Chess Club"]
[Date "2010.06.04"]
[Round "5"]
[White "Magagna"]
[Black "loserloser"]
[Result "1-0"]
[WhiteElo "1874"]
[BlackElo "1755"]
[Opening "King's Indian: Four pawns attack"]
[ECO "A68"]
[Time "12:08:52"]
[TimeControl "2700+45"]

1. d4 Nf6 2. c4 g6 3. Nc3 Bg7 4. e4 d6 5. f4 O-O 6. Be2 c5 7. d5 e6 8. Nf3 exd5
9. cxd5 Bg4 10. h3 Bxf3 11. gxf3 Nh5 12. h4 b5 13. Bxb5 Bf6 14. Be3 Bxh4+ 15.
Kd2 Qf6 16. Qg1 Nxf4 17. Qh2 g5 18. Bxf4 {Black resigns} 1-0